Map: Babylon LE

Players

winzboy

  • Race: Protoss Protoss
  • Spawn Location: 5:00

IIIIIIIIIIII - Winner!

  • Race: Protoss Protoss
  • League: Gold
  • Spawn Location: 11:00

VOD

Have the link to the VOD?

Description

Time

  • Played on: May 20, 2023, 4:43 a.m.
  • Length: 12:05
Show
View Real Time Build Order
Export as new Build Order

winzboy Protoss 

Build Orders: Colossus Rush 

Get SALT Encoding   

  12  0:01  Probe  
  13  0:18  Probe (Chrono Boost)  
  14  0:24  Pylon  
  14  0:29  Probe (Chrono Boost)  
  16  0:42  Probe  
  16  0:44  Gateway  
  16  0:51  Assimilator  
  16  0:54  Probe  
  17  0:59  Assimilator  
  17  1:07  Probe  
  18  1:19  Gateway  
  18  1:20  Probe  
  19  1:32  Probe  
  20  1:38  Cybernetics Core  
  20  1:44  Probe  
  21  1:51  Pylon  
  21  1:56  Probe  
  22  2:08  Probe  
  22  2:12  Warp Gate (Chrono Boost)  
  23  2:18  Pylon  
  25  2:23  Stalker (Chrono Boost)  
  25  2:25  Stalker (Chrono Boost)  
  27  2:31  Probe  
  28  2:43  Probe  
  29  2:58  Nexus  
  29  3:03  Probe  
  30  3:15  Probe  
  30  3:18  Pylon  
  31  3:20  Stalker  
  31  3:24  Stalker  
  35  3:35  Robotics Facility  
  35  3:40  Pylon  
  27  4:10  Probe  
  27  4:24  Probe (Chrono Boost)  
  28  4:28  Probe (Chrono Boost)  
  29  4:38  Probe (Chrono Boost)  
  30  4:43  Probe (Chrono Boost)  
  31  4:50  Probe, Pylon  
  32  4:54  Probe  
  34  5:00  Observer  
  34  5:02  Probe  
  34  5:06  Probe  
  36  5:10  Robotics Bay  
  36  5:18  Probe  
  36  5:19  Assimilator  
  37  5:22  Assimilator  
  37  5:30  Probe, Stalker  
  40  5:44  Probe (Chrono Boost)  
  41  5:52  Gateway  
  41  5:54  Gateway  
  42  5:58  Colossus (Chrono Boost)  
  42  6:00  Probe (Chrono Boost)  
  48  6:07  Probe  
  49  6:19  Probe (Chrono Boost)  
  50  6:28  Probe (Chrono Boost)  
  51  6:33  Probe (Chrono Boost)  
  52  6:45  Immortal  
  56  6:56  Nexus, Probe  
  56  6:58  Probe  
  56  6:59  Pylon  
  58  7:02  Pylon  
  58  7:08  Probe  
  58  7:11  Probe  
  60  7:19  Stalker x2  
  60  7:20  Stalker x2  
  68  7:23  Probe  
  69  7:35  Probe  
  70  7:47  Probe  
  71  7:51  Pylon  
  71  7:55  Pylon  
  71  7:57  Assimilator  
  71  7:59  Probe  
  71  8:00  Stalker  
  71  8:01  Assimilator  
  71  8:03  Stalker  
  76  8:10  Colossus (Chrono Boost)  
  82  8:16  Probe  
  83  8:20  Twilight Council  
  83  8:22  Gateway  
  83  8:24  Probe  
  83  8:25  Gateway  
  84  8:27  Gateway  
  84  8:28  Probe  
  85  8:36  Probe  
  85  8:37  Stalker x3  
  85  8:38  Stalker  
  85  8:40  Probe  
  95  8:48  Probe  
  96  8:52  Probe  
  97  9:02  Charge  
  97  9:04  Probe  
  98  9:13  Forge  
  98  9:17  Probe, Stalker x3  
  105  9:26  Probe  
  105  9:29  Probe  
  107  9:39  Probe  
  107  9:41  Probe  
  107  9:43  Protoss Ground Weapons Level 1 (Chrono Boost)  
  109  9:48  Robotics Facility  
  109  9:49  Robotics Facility  
  109  9:51  Probe  
  110  9:56  Immortal  
  114  10:06  Probe x2  
  116  10:08  Templar Archives  
  116  10:18  Probe x2  
  118  10:30  Probe  
  118  10:35  Colossus  
  119  10:38  Pylon  
  125  10:55  Colossus  
  131  10:59  Pylon  
  131  11:01  Pylon  
  126  11:04  Pylon  
  126  11:06  Colossus  
  126  11:07  Pylon  
  126  11:09  Pylon  
  98  11:12  Stalker  
  98  11:13  Stalker x2  
  98  11:14  Stalker x2  
  98  11:15  High Templar x2  
  102  11:34  Pylon  
  102  11:36  High Templar x2  
  106  11:44  Archon  
  106  11:49  High Templar  
Show
View Real Time Build Order
Export as new Build Order

IIIIIIIIIIII Protoss - Winner!

Build Orders:  

Get SALT Encoding   

  12  0:00  Probe  
  13  0:12  Probe  
  14  0:18  Pylon  
  14  0:24  Probe  
  15  0:37  Gateway  
  15  0:41  Assimilator  
  15  0:44  Probe  
  16  0:56  Probe  
  17  1:08  Probe  
  18  1:19  Pylon  
  18  1:20  Probe  
  19  1:26  Cybernetics Core  
  19  1:41  Gateway  
  19  2:00  Nexus  
  19  2:07  Adept (Chrono Boost)  
  21  2:10  Warp Gate (Chrono Boost)  
  21  2:18  Assimilator  
  21  2:23  Twilight Council  
  21  2:32  Adept (Chrono Boost)  
  21  2:36  Adept (Chrono Boost)  
  23  2:40  Probe  
  26  2:52  Probe  
  27  3:04  Probe  
  28  3:09  Resonating Glaives  
  28  3:14  Probe (Chrono Boost)  
  30  3:21  Probe (Chrono Boost)  
  30  3:24  Stalker  
  30  3:25  Stalker  
  30  3:26  Probe (Chrono Boost)  
  35  3:31  Probe (Chrono Boost)  
  30  4:00  Probe x2  
  32  4:05  Robotics Facility  
  32  4:07  Pylon  
  32  4:12  Probe x2 (Chrono Boost)  
  32  4:13  Gateway  
  32  4:14  Gateway  
  34  4:19  Stalker  
  37  4:24  Probe (Chrono Boost)  
  37  4:25  Stalker  
  37  4:30  Probe (Chrono Boost), Pylon  
  40  4:43  Forge  
  40  4:50  Probe (Chrono Boost)  
  40  4:51  Stalker  
  44  4:54  Probe (Chrono Boost)  
  44  4:56  Probe (Chrono Boost), Shield Battery  
  45  5:01  Probe, Shield Battery  
  45  5:03  Protoss Ground Weapons Level 1 (Chrono Boost)  
  45  5:05  Probe  
  45  5:06  Blink (Chrono Boost)  
  47  5:13  Probe  
  48  5:17  Probe  
  48  5:21  Observer  
  50  5:25  Probe (Chrono Boost), Stalker  
  50  5:28  Stalker  
  55  5:32  Assimilator  
  55  5:34  Assimilator  
  55  5:35  Probe (Chrono Boost)  
  56  5:38  Stalker  
  58  5:57  Probe x2  
  58  5:59  Nexus  
  58  6:01  Stalker  
  62  6:10  Pylon  
  62  6:12  Pylon  
  62  6:28  Probe  
  63  6:41  Forge  
  63  6:42  Gateway  
  63  6:44  Gateway  
  63  6:45  Gateway  
  63  6:49  Pylon  
  63  6:52  Pylon  
  63  6:53  Probe x2  
  65  6:56  Pylon  
  65  7:03  Stalker  
  65  7:04  Stalker x3  
  65  7:05  Probe  
  65  7:06  Probe  
  75  7:09  Pylon  
  75  7:15  Probe  
  75  7:16  Protoss Ground Armor Level 1 (Chrono Boost)  
  75  7:18  Probe x2  
  78  7:23  Charge  
  78  7:25  Protoss Ground Weapons Level 2 (Chrono Boost)  
  78  7:27  Observer  
  78  7:28  Probe, Zealot  
  81  7:33  Shield Battery  
  81  7:35  Zealot, Shield Battery  
  83  7:38  Zealot  
  85  7:44  Warp Prism  
  87  8:01  Assimilator  
  87  8:04  Probe (Chrono Boost)  
  87  8:05  Assimilator  
  90  8:09  Probe x2 (Chrono Boost)  
  90  8:15  Probe (Chrono Boost)  
  92  8:22  Probe (Chrono Boost)  
  92  8:24  Immortal  
  92  8:26  Zealot x2  
  92  8:27  Zealot x2  
  102  8:29  Nexus  
  102  8:33  Observer  
  104  8:38  Probe x3  
  107  8:50  Probe  
  107  8:53  Pylon  
  107  8:55  Pylon  
  108  9:04  Zealot x2  
  108  9:05  Zealot x5  
  122  9:15  Dark Shrine  
  122  9:22  Immortal  
  126  9:33  Stalker x2  
  126  9:34  Stalker x2  
  126  9:35  Zealot  
  126  9:37  Zealot x2  
  140  9:42  Gateway  
  140  9:47  Probe x2  
  140  9:48  Probe x2  
  144  9:59  Probe  
  145  10:00  Probe x3  
  145  10:05  Assimilator  
  145  10:06  Assimilator  
  148  10:12  Shield Battery  
  148  10:13  Shield Battery  
  148  10:16  Shield Battery  
  148  10:18  Photon Cannon  
  148  10:19  Photon Cannon  
  148  10:21  Photon Cannon  
  148  10:22  Photon Cannon  
  148  10:36  Immortal  
  150  10:44  Dark Templar  
  150  10:45  Dark Templar x2  
  156  10:51  Pylon  
  156  10:52  Pylon  
  156  10:53  Pylon  
  152  11:07  Dark Templar x4  
  152  11:08  Dark Templar  
  146  11:22  Stalker x3  
  146  11:24  Warp Prism  
  154  11:33  Pylon  
  154  11:34  Pylon  
  154  11:36  Pylon  
  154  11:40  Probe x4  
  156  12:00  Dark Templar  
  156  12:01  Dark Templar x3  
  164  12:02  Zealot x2, Dark Templar  
  164  12:03  Zealot  
Tags
 
League
Gold
Matchup
PvP
Replay Pack
Multiplayer
Spawn Locations
Cross Positions
Add a new tag
Caveats
  • Supply blocks, unpowered buildings, or Contaminate may cause inaccurate times.
  • Supply counts are checked every 10 seconds.